 Dungeon Crawl Stone Soup version 0.17.2-1-ge4368a0 (webtiles) character file.

66 Goblin1989 the Cudgeler (level 3, -2/29 HPs)
             Began as a Mummy Berserker on Jan 15, 2017.
             Was a Believer of Trog.
             Slain by a worm (9 damage)
             ... on level 2 of the Dungeon.
             The game lasted 00:04:24 (1677 turns).

Goblin1989 the Cudgeler (Mummy Berserker)           Turns: 1677, Time: 00:04:24

Health: -2/29      AC:  3    Str: 21    XL:     3   Next: 96%
Magic:  3/3        EV: 12    Int:  6    God:    Trog [**....]
Gold:   35         SH:  0    Dex: 11    Spells: 0 memorised, 2 levels left

rFire  x . .     SeeInvis .     a - +0 mace
rCold  + . .     Clarity  .     b - +0 animal skin
rNeg   + + +     SustAt   .     (no shield)
rPois  ∞         Gourm    .     k - +0 helmet
rElec  .         Spirit   .     (no cloak)
rCorr  .         Warding  .     (no gloves)
rMut   .         Stasis   .     (no boots)
MR     .....                    (no amulet)
Stlth  +.........               (no ring)
                                (no ring)

@: confused, not resistant to hostile enchantments, very unstealthy
A: no food or potions, fire vulnerability, cold resistance 1, negative energy
resistance 3, torment resistance, unbreathing
a: Trog's Hand, Burn Spellbooks, Renounce Religion


You were on level 2 of the Dungeon.
You worshipped Trog.
Trog was pleased with you.
You were not hungry.

You visited 1 branch of the dungeon, and saw 2 of its levels.

You collected 35 gold pieces.

Inventory:

Hand Weapons
 a - a +0 mace (weapon)
Missiles
 e - 16 stones (quivered)
Armour
 b - a +0 animal skin (worn)
 h - a +0 chain mail
 k - a +0 helmet (worn)
Jewellery
 c - a cursed ring of loudness {unknown}
Scrolls
 d - 2 scrolls of immolation {unknown}
 f - a scroll of fog {unknown}
 g - a scroll of identify {unknown}
 i - a scroll of remove curse {unknown}
 j - a scroll of fear {unknown}


   Skills:
 - Level 3.0 Fighting
 + Level 4.0 Maces & Flails
 - Level 1.5 Armour
 - Level 1.5 Dodging


You had 2 spell levels left.
You didn't know any spells.

Dungeon Overview and Level Annotations

Branches:
Dungeon (2/15)

Altars:
Elyvilon

Annotations:
D:2 Ijyb, Natasha


Innate Abilities, Weirdness & Mutations

You do not eat or drink.
Your flesh is vulnerable to fire.
You are immune to poison.
Your flesh is cold resistant.
You are immune to negative energy.
You are immune to unholy pain and torment.
You can survive without breathing.


Message History

Ijyb screams, "Get away!"
Ijyb hits you.
* * * LOW HITPOINT WARNING * * *
You take 1 damage, and have 10/29 hp.
The rat barely misses you.
You miss Ijyb.
Ijyb is almost dead.
The rat closely misses you.
Ijyb grins evilly.
Ijyb hits you.
* * * LOW HITPOINT WARNING * * *
You take 2 damage, and have 8/29 hp.
The rat bites you but does no damage. Ijyb misses you.
You bump into the rock wall.
The rat misses you. Ijyb hits you but does no damage.
The worm barely misses you. Ijyb misses you.
You bump into the rock wall.
The rat bites you.
* * * LOW HITPOINT WARNING * * *
The worm bites you!
You die...

........█████.█.█..█.█ █.█ █
..................█.█ █.█ █
............%█...█.███∆███ ..█
█.......█...█.███⌂∆.. █.█
█.......██..█.███∆███
█████.███...)...██..█†█ █.█ █
█........█████▲█....█.███.███
█████)....)..█ ███.█.█..█........
█..))........███@r...(█.█.███.█..
█.███████.██..█.wg......█)█ █.█!.
█.█ ███.█.............█.█ █.█..
█.█ █..........████.....█ █.█..
█.█████.█........████.....█ █.███
█.█.........█.█..█..█.....█ █.█
█..........█████.......██.██ .█
█..........██.██...........█ .█
█....█..█..██.██..████████.██.███


You could see Ijyb, a worm and a rat.

Vanquished Creatures
  Robin (D:2)
  An adder (D:2)
  3 giant cockroaches
  13 goblins
  10 hobgoblins
  6 kobolds
  A ball python (D:2)
  2 bats
  A giant newt (D:1)
  4 jackals (D:1)
  A rat (D:1)
43 creatures vanquished.

Notes
Turn   | Place    | Note
--------------------------------------------------------------
     0 | D:1      | Goblin1989 the Mummy Berserker began the quest for the Orb.
     0 | D:1      | Reached XP level 1. HP: 18/18 MP: 1/1
   155 | D:1      | Reached XP level 2. HP: 17/24 MP: 2/2
   642 | D:1      | You fall through a shaft!
   656 | D:2      | Reached ** piety under Trog
   703 | D:2      | Found a white marble altar of Elyvilon.
   711 | D:2      | Noticed Natasha
   739 | D:2      | Reached XP level 3. HP: 13/29 MP: 3/3
   935 | D:2      | Noticed Robin
  1164 | D:2      | Killed Robin
  1170 | D:2      | Reached skill level 4 in Maces & Flails
  1608 | D:2      | Noticed Ijyb
  1677 | D:2      | Slain by a worm

Action                   || total
-------------------------++-------
Melee: Mace              ||   171
Invok: Trog's Hand       ||     1

Vault maps used:
D:1:      elethiomel_arrival_infinity_welcomes_careful_drivers,
          serial_park_tiny_1
D:2:      lemuel_doored_altar, hangedman_decor_growths, uniq_robin, uniq_iyjb,
          uniq_natasha
